 Dungeon Crawl Stone Soup version 0.28-a0-1415-g7c84da036a (webtiles) character file.

Game seed: 8599592071710236420

34 eustatius the Changer (level 3, -8/26 HPs)
             Began as a Draconian Wanderer on Jan 8, 2022.
             Mangled by Sigmund (11 damage)
             ... on level 2 of the Dungeon.
             The game lasted 00:05:48 (1312 turns).

eustatius the Changer (Draconian Wanderer)          Turns: 1312, Time: 00:05:48

Health: -8/26      AC:  5    Str: 11    XL:     3   Next: 14%
Magic:  6/6        EV: 11    Int: 14    God:
Gold:   44         SH:  4    Dex: 13    Spells: 5/6 levels left

rFire   . . .      SeeInvis .   a - +0 falchion
rCold   . . .      Faith    .   b - +0 buckler
rNeg    . . .      Spirit   .   (armour unavailable)
rPois   .          Reflect  .   (helmet restricted)
rElec   .          Harm     .   (no cloak)
rCorr   .          Rampage  .   (no gloves)
Will    .....                   (no boots)
Stlth   ++........              (no amulet)
HPRegen 0.08/turn               (no ring)
MPRegen 0.10/turn               (no ring)

@: no status effects
A: AC +5, unfitting armour, cold-blooded
a: no special abilities


You were on level 2 of the Dungeon.
You visited 1 branch of the dungeon, and saw 2 of its levels.

You collected 44 gold pieces.

Inventory:

Hand Weapons
 a - a +0 falchion (weapon)
Missiles
 e - 5 atropa-tipped darts
 f - 65 stones
Armour
 b - a +0 buckler (worn)
Jewellery
 i - a ring of fire
Scrolls
 c - a scroll of noise {unknown}
 d - 3 scrolls of identify
 g - a scroll of fog {unknown}
 j - a scroll of summoning {unknown}
 k - a scroll of vulnerability {unknown}
Potions
 h - a potion of haste


   Skills:
 + Level 0.1 Fighting
 * Level 1.4 Long Blades
 * Level 0.3 Dodging
 + Level 1.0 Stealth
 + Level 1.0 Shields
 + Level 2.3 Spellcasting
 * Level 5.3 Transmutations
 * Level 0.8 Poison Magic


You had 5 spell levels left.
You knew the following spells:

 Your Spells              Type           Power      Damage    Failure   Level
a - Sting                 Tmut/Pois      40%        1d5       9%          1

Your spell library contained the following spells:

 Spells                   Type           Power      Damage    Failure   Level
 Spider Form              Tmut/Pois      10%        N/A       26%         3
 Pain                     Necr           4%         1d4       32%         1
 Petrify                  Tmut/Erth      9%         N/A       71%         4
 Agony                    Necr           1%         N/A       100%        5
 Excruciating Wounds      Necr           0%         N/A       100%        5


Dungeon Overview and Level Annotations

Branches:
Dungeon (2/15)

Altars:

Annotations:
D:2 Sigmund


Innate Abilities, Weirdness & Mutations

Your plain brown scales are hard. (AC +5)
You cannot fit into any form of body armour.
You are cold-blooded and may be slowed by cold attacks.


Message History

The sting hits the goblin.
The goblin is poisoned.
The goblin is heavily wounded.
The goblin shoots a stone.
The stone barely misses you.
The goblin shoots a stone.
The stone hits you but does no damage.
You feel a bit more experienced.
Your magical contamination has completely faded away.
You see here 24 arrows.
You see here 24 arrows.
f - 65 stones (gained 19)
Things that are here:
a +0 hunting sling; a +0 club; a goblin corpse A ball python comes into view.
Casting: Sting (safe; 9% risk of failure)
Confirm with . or Enter, or press ? or * to list all spells.
Aiming: Sting (safe; 9% risk of failure)
Press: ? - help, Shift-Dir - straight line, f - ball python
Aim: a ball python (asleep, 100% to hit)
The sting hits the ball python.
The ball python is poisoned.
You kill the ball python!
Sigmund the Dreaded comes into view.
He is wielding a +0 scythe.
Sigmund shouts!
Sigmund points at you and mumbles some strange words.
You resist with significant effort.
Sigmund gestures wildly while chanting.
Sigmund flickers and vanishes!
Deactivating autopickup; reactivate with Ctrl-A.
Something hits you.
You miss something. You closely miss something. Something hits you.
You closely miss something. You tail-slap something. Something hits you.
You barely miss something.
Your tail-slap misses something.
Something hits you!
You hit something. You block something's attack.
You miss something. Something hits you.
* * * LOW HITPOINT WARNING * * *
You barely miss something. You tail-slap something.
You hear some strange, mumbled words.
A puff of flame appears from out of thin air!
The puff of flame misses you.
You hit something. Something hits you!
You die...

. ## # .. ######## #.## #......#
.# #.#. #......# #..#.#...
##......# ..#...#.
#.......###########.# #.#.....
#...............@{..# #...#.##
#...†#####################..<#.#.
#....# #........#..##.#. #.####
#####+#..........#.#. #.##
#.......####.#....... ...#
#......<...).#.....#. ...#
#.......####.#.....#. ...#
#####.#.# #.#.....#. ...# #.#.#
#.#...#>#.


There were no monsters in sight!

Vanquished Creatures
  3 bats
  An endoplasm (D:2)
  A giant cockroach (D:2)
  5 goblins
  4 hobgoblins (D:1)
  4 jackals (D:1)
  A quokka (D:2)
  3 ball pythons
  4 frilled lizards (D:1)
  A kobold (D:2)
  4 rats
31 creatures vanquished.

Vanquished Creatures (others)
  2 fungi (D:2)
2 creatures vanquished.

Grand Total: 33 creatures vanquished

Notes
Turn   | Place    | Note
-------+----------+-------------------------------------------
     0 | D:1      | eustatius the Draconian Wanderer began the quest for the
                  | Orb.
     0 | D:1      | eustatius set off with the following items: a +0 falchion,
                  | a +0 buckler; and the following spell memorised: Sting; and
                  | the following spells available to memorise: Spider Form,
                  | Petrify
     0 | D:1      | Reached XP level 1. HP: 14/14 MP: 3/3
   376 | D:1      | Reached XP level 2. HP: 20/20 MP: 3/5
  1034 | D:2      | Reached XP level 3. HP: 26/26 MP: 4/6
  1300 | D:2      | Noticed Sigmund
  1312 | D:2      | Mangled by Sigmund

Illustrated notes

Levels and vault maps discovered:
D:1:      dpeg_arrival_three_same_balls, layout_rooms, st_stairs_9,
          minmay_quantized
D:2:      layout_basic, shapermc_ecumenical_altar_acropolis, uniq_sigmund,
          uniq_crazy_yiuf_cottage

Action                   || total
-------------------------++-------
Melee: Falchion          ||    31
       Tailslap          ||     4
 Cast: Sting             ||    33
  Use: Scroll            ||     1
Armor: Skin              ||     9
Dodge: Dodged            ||    26
Block: Buckler           ||     8

Table legend: (Time is in decaauts)
 A = Elapsed time spent in this place.
 B = Non-inter-level travel time spent in this place.
 C = Inter-level travel time spent in this place.
 D = Time resting spent in this place.
 E = Time spent auto-exploring this place.
 F = Levels seen in this place.
 G = Mean time per level.
                   A        B        C        D        E       F      G
               +--------+--------+--------+--------+--------+-----+--------+
         Total |   1320 |   1320 |      0 |      0 |    823 |   2 |  660.0 |
       Dungeon |   1320 |   1320 |      0 |      0 |    823 |   2 |  660.0 |
               +--------+--------+--------+--------+--------+-----+--------+

Top non-repeatable levels by time:
     D:1: 932 daAuts
     D:2: 387 daAuts
